 Dungeon Crawl Stone Soup version 0.30.1 (webtiles) character file.

Game seed: 11210530711719216780

28383 javelincjr the Fighter (level 13, 0/159 HPs)
             Began as a Hill Orc Fighter on July 4, 2023.
             Was a High Priest of Hepliaklqana.
             Slain by a thrashing horror (3 damage)
             ... on level 2 of the Abyss on July 5, 2023.
             The game lasted 01:11:57 (13865 turns).

javelincjr the Fighter (Hill Orc Fighter)          Turns: 13865, Time: 01:11:59

Health: 0/159      AC: 27    Str: 30    XL:     13   Next: 38%
Magic:  0/20       EV:  8    Int: 14    God:    Hepliaklqana [*****.]
Gold:   969        SH: 12    Dex: 12    Spells: 12/12 levels left

rFire   + + .        X - +6 trident (flame)
rCold   + + .        w - +1 kite shield {reflect}
rNeg    . . .        U - +1 gold dragon scales "Ezxokul" {rElec rPois rF+ rC+ Int+4}
rPois   +            q - +2 helmet
rElec   +            (no cloak)
rCorr   +            j - +0 pair of gloves "Hero's Friend" {SInv}
SInv    +            J - +2 pair of boots
Will    .....        Q - amulet "Hyopp" {Spirit rElec Str+2 Int+2} Stlth
                     y - ring of poison resistance
HPRegen 0.00/turn    N - +6 ring of strength
MPRegen 0.17/turn

%: reflection, guardian spirit
@: mighty, berserking, resistant, sick, very quick
A: reduced essence, wild magic 1
a: Renounce Religion, Recall Ancestor, Ancestor Identity, Transference, Idealise


You were on level 2 of the Abyss.
You worshipped Hepliaklqana.
Hepliaklqana was extremely pleased with you.
You visited 1 branch of the dungeon, and saw 13 of its levels.
You visited the Abyss 1 time.
You also visited: Ossuary and Gauntlet.

You collected 969 gold pieces.

Inventory:

Hand Weapons
 d - a +4 dagger
 r - a +2 scythe of venom
 E - a +2 whip of distortion
 L - a +2 shortbow of flaming
 W - a +3 battleaxe of distortion
 X - a +6 trident of flaming (weapon)
Missiles
 p - 19 boomerangs (quivered)
Armour
 c - a +0 buckler
 j - the +0 pair of gloves "Hero's Friend" (worn) {SInv}
   (You found it in a Gauntlet)

   SInv:      It lets you see invisible.
 q - a +2 helmet (worn)
 w - a +1 kite shield of reflection (worn)
 C - a +1 plate armour
 J - a +2 pair of boots (worn)
 U - the +1 gold dragon scales "Ezxokul" (worn) {rElec rPois rF+ rC+ Int+4}
   (You took it off a minotaur in a Gauntlet)

   Int:       It affects your intelligence (+4).
   rF:        It protects you from fire.
   rC:        It protects you from cold.
   rElec:     It insulates you from electricity.
   rPois:     It protects you from poison.
Jewellery
 i - a ring of willpower
 y - a ring of poison resistance (left hand)
 B - a ring of wizardry
 N - a +6 ring of strength (right hand)
 Q - the amulet "Hyopp" (around neck) {Spirit rElec Str+2 Int+2}
   (You found it on level 8 of the Dungeon)

   [amulet of guardian spirit]

   It causes incoming damage to be divided between your reserves of health and
   magic.
   Str:       It affects your strength (+2).
   Int:       It affects your intelligence (+2).
   rElec:     It insulates you from electricity.
Wands
 t - a wand of roots (23)
 D - a wand of flame (8)
 P - a wand of mindburst (22)
 Z - a wand of quicksilver (6)
Scrolls
 a - 3 scrolls of poison
 b - 2 scrolls of noise
 g - 2 scrolls of vulnerability
 h - 2 scrolls of amnesia
 k - 2 scrolls of fear
 m - 2 scrolls of magic mapping
 n - 2 scrolls of immolation
 o - 2 scrolls of fog {unknown}
 A - a scroll of silence {unknown}
 F - a scroll of torment {unknown}
 H - 2 scrolls of acquirement {unknown}
 K - 5 scrolls of teleportation {unknown}
 Y - a scroll of summoning {unknown}
Potions
 f - 5 potions of brilliance
 l - 2 potions of cancellation
 u - 3 potions of curing
 v - 2 potions of might
 x - 3 potions of magic
 M - 4 potions of lignification
 R - a potion of flight {unknown}
 S - 2 potions of attraction {unknown}
Miscellaneous
 s - a lightning rod (4/4)
 G - a box of beasts (inert)
 T - a phantom mirror (inert)
 V - a condenser vane (inert)


   Skills:
 + Level 12.0 Fighting
 - Level 10.7(11.5) Axes
 + Level 5.4(7.9) Polearms
 + Level 10.8 Armour
 + Level 7.8 Dodging
 + Level 11.0 Shields
 + Level 10.6 Invocations


You had 12 spell levels left.
You didn't know any spells.
Your spell library contained the following spells:

 Spells                   Type           Power      Damage    Failure   Level
 Kiss of Death            Conj/Necr      0%         2d5       100%        1
 Blink                    Tloc           0%         N/A       100%        2
 Poisonous Vapours        Pois/Air       0%         N/A       100%        2
 Sublimation of Blood     Necr           0%         N/A       100%        2
 Confusing Touch          Hex            0%         N/A       100%        3
 Inner Flame              Hex/Fire       0%         N/A       100%        3
 Mephitic Cloud           Conj/Pois/Air  0%         N/A       100%        3
 Vhi's Electric Charge    Tloc/Air       0%         N/A       100%        3
 Dispel Undead            Necr           0%         3d6       100%        4
 Flame Wave               Conj/Fire      0%         2d4       100%        4
 Manifold Assault         Tloc           0%         N/A       100%        4
 Olgreb's Toxic Radiance  Pois           0%         N/A       100%        4
 Sticky Flame             Conj/Fire      0%         2d3       100%        4
 Summon Ice Beast         Ice/Summ       0%         N/A       100%        4
 Arcjolt                  Conj/Air       0%         1d10      100%        5
 Freezing Cloud           Conj/Ice/Air   0%         6-21      100%        5
 Summon Mana Viper        Hex/Summ       0%         N/A       100%        5
 Simulacrum               Ice/Necr       0%         N/A       100%        6
 Monstrous Menagerie      Summ           0%         N/A       100%        7
 Ozocubu's Refrigeration  Ice            0%         4d7       100%        7
 Storm Form               Tmut/Air       0%         N/A       100%        7
 Discord                  Hex            0%         N/A       100%        8
 Ignition                 Fire           0%         3d3       100%        8
 Maxwell's Capacitive Co  Air            0%         ∞         100%        8
 Polar Vortex             Ice            0%         N/A       100%        9


Dungeon Overview and Level Annotations

Branches:
Dungeon (13/15)            Temple (0/1) D:7            Lair (0/5) D:11
    Orc (0/2) D:10        Ossuary (visited)         Gauntlet (visited)
 Vaults: D:13-14

Altars:
Cheibriados
Fedhas
Hepliaklqana
Makhleb
Okawaru
Sif Muna
Trog
Uskayaw
Xom
Yredelemnul
Zin

Shops:
D:10 [

Annotations:
D:9 4 runed translucent doors
D:13 Erolcha


Innate Abilities, Weirdness & Mutations

Your life essence is reduced to manifest your ancestor. (-10% HP)
Your spells are a little harder to cast, but a little more powerful.


Message History

You impale the dire elephant simulacrum!!
You melt the dire elephant simulacrum!
The dire elephant simulacrum is severely damaged.
The dire elephant simulacrum tramples you!
* * * LOW HITPOINT WARNING * * *
You stumble backwards!
You puncture the dire elephant simulacrum!
You melt the dire elephant simulacrum.
The dire elephant simulacrum is almost destroyed.
A thrashing horror comes into view.
The dire elephant simulacrum tramples you.
* * * LOW HITPOINT WARNING * * *
You hold your ground!
The dire elephant simulacrum trunk-slaps you but does no damage.
The thrashing horror roars!
You puncture the dire elephant simulacrum!
You melt the dire elephant simulacrum.
The dire elephant simulacrum vaporises!
It was a potion of berserk rage.
A red film seems to cover your vision as you go berserk!
You feel yourself moving faster!
You feel mighty!
You hit the small abomination. You burn the small abomination.
The small abomination is lightly damaged.
You block the thrashing horror's attack.
The thrashing horror tramples you but does no damage.
A starcursed mass splits.
The small abomination is engulfed in freezing vapours.
The small abomination hits you but does no damage.
You puncture the small abomination! You burn the small abomination.
You destroy the small abomination!
A thrashing horror comes into view.
A small abomination comes into view.
Your Shields skill increases to level 11!
You closely miss the thrashing horror.
The thrashing horror roars!
You hear a roar!
You hear a shout!
The thrashing horror closely misses you.
You block the thrashing horror's attack.
A starcursed mass splits.
You block the thrashing horror's attack.
The thrashing horror tramples you.
You die...

.. . . .. #.#
##.## #.# .#
..###...###.. # #.
..#... .# . # ....
#.........
#..#.##.....# . #
. #.#...# ##)#
###.##
###...###..@##
.#.§ ..#X...X# .
.X.....X........
... #....X#.....#.
#
§.................
§
..#.....#.....#X.
..
##...###...###.x .
#.##.#####.## #. .
.. #. ..#


You could see 3 starcursed masses, 2 thrashing horrors and a small abomination.

Vanquished Creatures
  A tentacled starspawn (Abyss:2)
  A rakshasa (Abyss:2)
  2 two-headed ogres
  A centaur warrior (D:13)
  2 boulder beetles (D:12)
  An ugly thing (D:12)
  2 manticores
  A gargoyle (D:9)
  A kobold demonologist (D:9)
  3 trolls
  2 ancient zymes (Abyss:2)
  3 meliai (Gauntlet)
  A hornet (D:8)
  A water elemental (D:11)
  4 wraiths
  A wyvern (D:11)
  A dire elephant simulacrum (Abyss:2)
  A shadow (D:11)
  A ynoxinul (Abyss:2)
  A human (D:3)
  2 small abominations (Abyss:2)
  25 yaks
  A large abomination (Abyss:2)
  A steam dragon (D:9)
  A neqoxec (Abyss:2)
  A warg (D:9)
  An acid dragon (D:7)
  Duvessa (D:7)
  3 water moccasins
  3 orc warriors
  4 black bears
  An ice beast (Abyss:2)
  4 wolves (D:11)
  8 centaurs
  2 kobold brigands
  Blork the orc (D:6)
  4 bullfrogs
  A scorpion (D:5)
  Dowan (D:7)
  3 killer bees (D:8)
  3 electric eels
  A jelly (D:7)
  4 howler monkeys
  A centaur zombie (Ossuary)
  3 hounds
  2 human zombies (Ossuary)
  3 orc priests
  8 starcursed masses (Abyss:2)
  3 iguanas
  A sleepcap (D:7)
  11 orc wizards
  A hexer (D:7)
  2 mummies (Ossuary)
  6 gnolls
  7 adders
  A shadow imp (D:5)
  A worm (D:4)
  5 dart slugs
  40 orcs
  7 ball pythons
  8 endoplasms
  9 hobgoblins
  4 jackals (D:1)
  7 quokkas
  8 bats
  4 frilled lizards
  6 goblins
  2 goblin zombies (Ossuary)
  12 hobgoblin zombies (Ossuary)
  A jackal zombie (Ossuary)
  24 kobolds
  5 kobold zombies
  11 orc zombies (Ossuary)
  8 rats
  4 rat zombies (Ossuary)
322 creatures vanquished.

Vanquished Creatures (collateral kills)
  A reaper (Gauntlet)
  A minotaur (Gauntlet)
  A boulder beetle (D:9)
  A two-headed ogre (D:11)
  A death yak (D:8)
  A thrashing horror (Abyss:2)
  A cyclops (D:9)
  A smoke demon (Abyss:2)
  A gargoyle (D:10)
  2 trolls (D:12)
  2 hellwings (Gauntlet)
  3 hornets
  A water elemental (D:11)
  7 yaks
  2 wyverns
  A vampire (D:12)
  3 water moccasins
  An ice beast (D:7)
  A sky beast (D:8)
  2 ogres
  2 orc warriors
  2 centaurs
  3 kobold brigands
  2 bullfrogs
  2 killer bees (D:8)
  2 howler monkeys
  A jelly (D:6)
  2 orc priests
  An iguana (D:4)
  An orc wizard (D:6)
  An adder (D:3)
  A gnoll (D:6)
  A worm (D:3)
  9 orcs
  A goblin (D:3)
  A hobgoblin (D:3)
  7 kobolds
73 creatures vanquished.

Vanquished Creatures (others)
  A small abomination (Abyss:2)
  9 hexers
  An orc wizard (D:9)
  An ancestor (D:3)
  7 starspawn tentacles (Abyss:2)
19 creatures vanquished.

Grand Total: 414 creatures vanquished

Notes
Turn   | Place    | Note
-------+----------+-------------------------------------------
     0 | D:1      | javelincjr the Hill Orc Fighter began the quest for the
                  | Orb.
     0 | D:1      | Reached XP level 1. HP: 19/19 MP: 1/1
   193 | D:1      | Found a faded altar of an unknown god.
   199 | D:1      | Reached XP level 2. HP: 27/27 MP: 2/2
   286 | D:1      | Reached skill level 4 in Fighting
   288 | D:1      | Reached XP level 3. HP: 26/33 MP: 3/3
  1023 | D:2      | Reached XP level 4. HP: 32/40 MP: 4/4
  1827 | D:3      | Reached XP level 5. HP: 9/47 MP: 5/5
  2012 | D:3      | Reached skill level 1 in Dodging
  2017 | D:3      | Found a snail-covered altar of Cheibriados.
  2017 | D:3      | Found a hide-covered altar of Uskayaw.
  2113 | D:3      | You fall into a shaft and drop 2 floors!
  2113 | D:5      | Entered Level 5 of the Dungeon
  2113 | D:5      | Found a hazy altar of Hepliaklqana.
  2114 | D:5      | Noticed a centaur
  2129 | D:5      | Killed a centaur
  2134 | D:5      | Became a worshipper of Hepliaklqana the Forgotten
  2209 | D:5      | Reached XP level 6. HP: 24/55 MP: 6/6
  2443 | D:5      | Reached skill level 5 in Fighting
  2464 | D:5      | Found a shimmering blue altar of Sif Muna.
  2475 | D:5      | Noticed an orc warrior
  2584 | D:5      | Found a sand-covered staircase.
  2589 | Ossuary  | Entered an ossuary
  3003 | Ossuary  | Reached skill level 5 in Axes
  3003 | Ossuary  | Reached XP level 7. HP: 61/61 MP: 7/7
  3263 | D:4      | Reached * piety under Hepliaklqana
  3287 | D:4      | Reached skill level 5 in Armour
  3287 | D:4      | Reached skill level 5 in Shields
  3292 | D:3      | Noticed a human
  3305 | D:3      | Found a runed translucent door.
  3316 | D:3      | Found a basalt altar of Yredelemnul.
  3399 | D:3      | Killed a human
  3948 | D:4      | Reached skill level 6 in Fighting
  3948 | D:4      | Reached XP level 8. HP: 44/63 MP: 8/8
  4319 | D:4      | Found a blossoming altar of Fedhas.
  4611 | D:5      | Got Sif Muna's Almanac of the Graveyard
  4616 | D:5      | Found a bloodstained altar of Trog.
  5229 | D:5      | Found a glowing silver altar of Zin.
  5623 | D:6      | Reached ** piety under Hepliaklqana
  5624 | D:6      | Remembered your ancestor Appia as a hexer
  5642 | D:6      | Reached skill level 1 in Invocations
  5643 | D:6      | Reached skill level 7 in Fighting
  5647 | D:6      | Reached XP level 9. HP: 63/71 MP: 9/9
  6017 | D:6      | Noticed Blork the orc
  6031 | D:6      | Killed Blork the orc
  6507 | D:7      | Noticed Duvessa
  6517 | D:7      | Killed Duvessa
  6518 | D:7      | Noticed Dowan
  6525 | D:7      | Killed Dowan
  6698 | D:7      | Noticed a hornet
  6705 | D:7      | Killed a hornet
  6802 | D:7      | Noticed a troll
  6810 | D:7      | Reached skill level 8 in Fighting
  6867 | D:7      | Killed a troll
  6868 | D:7      | Reached XP level 10. HP: 11/79 MP: 13/13
  7180 | D:7      | Found a burning altar of Makhleb.
  7182 | D:7      | Noticed a green death
  7219 | D:7      | Found a staircase to the Ecumenical Temple.
  7275 | D:7      | Found an iron altar of Okawaru.
  7463 | D:7      | Noticed an orange demon
  7463 | D:7      | Noticed an orange demon
  7508 | D:8      | Reached *** piety under Hepliaklqana
  7515 | D:8      | Reached skill level 5 in Invocations
  7516 | D:8      | Found a blossoming altar of Fedhas.
  7561 | D:8      | Reached skill level 5 in Dodging
  7976 | D:8      | Identified the amulet "Hyopp" {Spirit rElec Str+2 Int+2}
  8185 | D:8      | Noticed a death yak
  8193 | D:8      | Reached skill level 9 in Fighting
  8198 | D:8      | Killed a death yak
  8201 | D:8      | Reached XP level 11. HP: 52/87 MP: 12/15
  8494 | D:9      | Gained mutation: You are occasionally teleported next to
                  | monsters. [potion of mutation]
  8494 | D:9      | Gained mutation: You have a somewhat thin skeletal
                  | structure. (Dex +2, Stealth+) [potion of mutation]
  8495 | D:9      | Lost mutation: You have a somewhat thin skeletal structure.
                  | (Dex +2, Stealth+) [potion of mutation]
  8495 | D:9      | Lost mutation: You are occasionally teleported next to
                  | monsters. [potion of mutation]
  8495 | D:9      | Gained mutation: Your spells are a little harder to cast,
                  | but a little more powerful. [potion of mutation]
  8495 | D:9      | Gained mutation: Your flesh is cold resistant. (rC+)
                  | [potion of mutation]
  8495 | D:9      | Lost mutation: Your flesh is cold resistant. (rC+) [potion
                  | of mutation]
  8565 | D:9      | Found a large runed translucent door.
  8565 | D:9      | Found a large runed translucent door.
  8573 | D:9      | Noticed a centaur warrior
  8573 | D:9      | Noticed a death knight
  8596 | D:9      | Noticed a cyclops
  8607 | D:9      | Killed a cyclops
  8650 | D:9      | Found a large runed translucent door.
  8650 | D:9      | Found a large runed translucent door.
  8679 | D:9      | Reached skill level 10 in Axes
  8687 | D:9      | Noticed a boulder beetle
  9044 | D:9      | Killed a boulder beetle
  9089 | D:9      | Noticed a two-headed ogre
  9094 | D:9      | Killed a two-headed ogre
  9095 | D:9      | Reached skill level 10 in Fighting
  9279 | D:9      | Reached **** piety under Hepliaklqana
  9516 | D:10     | Entered Level 10 of the Dungeon
  9539 | D:10     | Found Luedghyta's Armour Shop.
  9564 | D:10     | Noticed a manticore
  9575 | D:10     | Killed a manticore
 10234 | D:10     | Found a staircase to the Orcish Mines.
 10379 | D:10     | Found a shimmering altar of Xom.
 10510 | D:11     | Reached XP level 12. HP: 93/96 MP: 16/18
 10525 | D:11     | Reached skill level 1 in Polearms
 10981 | D:11     | Found a staircase to the Lair.
 11112 | D:11     | Noticed a two-headed ogre
 11117 | D:11     | Killed a two-headed ogre
 11193 | D:11     | Noticed a two-headed ogre
 11197 | D:11     | Killed a two-headed ogre
 11607 | D:11     | Reached skill level 10 in Shields
 11627 | D:12     | Reached skill level 11 in Fighting
 11628 | D:12     | Reached skill level 10 in Armour
 11682 | D:12     | Noticed a boulder beetle
 11697 | D:12     | Killed a boulder beetle
 11733 | D:12     | Found a gate leading to a gauntlet.
 11733 | D:12     | Reached ***** piety under Hepliaklqana
 11738 | Gauntlet | Entered a Gauntlet
 11738 | Gauntlet | Found a transporter.
 11738 | Gauntlet | Found a transporter.
 11738 | Gauntlet | Found a transporter.
 11768 | Gauntlet | Found a transporter.
 11771 | Gauntlet | Found a transporter.
 11782 | Gauntlet | Found a transporter.
 11800 | Gauntlet | Noticed a reaper
 11803 | Gauntlet | Found a transporter.
 11804 | Gauntlet | Found a transporter.
 11871 | Gauntlet | Found a transporter.
 11887 | Gauntlet | Found a transporter.
 11903 | Gauntlet | Found a transporter.
 11919 | Gauntlet | Found a transporter.
 12245 | Gauntlet | Identified the +0 pair of gloves "Hero's Friend" {SInv}
 12256 | Gauntlet | Killed a reaper
 12542 | Gauntlet | Identified the +1 gold dragon scales "Ezxokul" {rElec rPois
                  | rF+ rC+ Int+4}
 12542 | Gauntlet | Noticed a minotaur
 12552 | Gauntlet | Killed a minotaur
 12745 | D:12     | Noticed a boulder beetle
 12763 | D:12     | Killed a boulder beetle
 13066 | D:12     | Reached skill level 10 in Invocations
 13066 | D:12     | Reached XP level 13. HP: 101/104 MP: 20/20
 13087 | D:12     | Noticed an angel
 13088 | D:12     | Found a glowing silver altar of Zin.
 13459 | D:13     | Noticed Erolcha
 13469 | Abyss:2  | Cast into level 2 of the Abyss (Erolcha)
 13475 | Abyss:2  | Found a corrupted altar of Lugonu.
 13548 | Abyss:2  | Noticed a rakshasa
 13574 | Abyss:2  | Killed a rakshasa
 13640 | Abyss:2  | Noticed a starcursed mass
 13669 | Abyss:2  | Reached skill level 5 in Polearms
 13670 | Abyss:2  | Noticed a tentacled starspawn
 13681 | Abyss:2  | Killed a tentacled starspawn
 13804 | Abyss:2  | Noticed a starcursed mass
 13845 | Abyss:2  | Reached skill level 12 in Fighting
 13859 | Abyss:2  | HP: 3/106 [dire elephant simulacrum (4)]
 13865 | Abyss:2  | Slain by a thrashing horror

Illustrated notes

Levels and vault maps discovered:
D:1:      erik_arrival_cave_to_civilisation [erik_arrival_cave_to_hall],
          layout_basic, ebering_ecumenical_altar_petrified
D:2:      layout_basic, serial_bayou_pond_e
D:3:      layout_loops_ring, jmf_multi_god_temple, dk_yredelemnul_ordeal
D:4:      layout_loops_ring, marbit_many_paths, hangedman_abyss_or_decor_passed,
          hangedman_decor_points
D:5:      layout_loops_ring, nzn_overflow_gifts_of_might_and_magic,
          kennysheep_little_box, nicolae_overflow_crystal_walls,
          nicolae_ossuary_entry_false_entrances
D:6:      layout_basic, uniq_blork_the_orc
D:7:      cheibrodos_barr_body, layout_rooms, makhleb_altar_promises_db,
          okawaru_altar_gauntlet_db, temple_statues, due_unseen_surprise,
          uniq_duvessa
D:8:      argonaut_augean_stables, layout_cave_pools, minmay_ruined_shrine
D:9:      layout_roguey, minmay_hollow_rounded_squares
D:10:     layout_rooms, tgw_xom, david_orc_3, serial_shops,
          nicolae_lakefront_shop
D:11:     layout_roguey, erik_lair_island
D:12:     layout_gridville, gauntlet_entry_generic, zin_angel
D:13:     layout_roguey, grunt_vaults_entry_tiered, uniq_nessos, uniq_erolcha
Abyss:2:  base: D:1, minivault_13

Skill      XL: |  1  2  3  4  5  6  7  8  9 10 11 12 13 |
---------------+----------------------------------------+-----
Axes           | 3 4 5 6 8 9 10 | 10.7
Fighting       | 4 5 6 7 8 9 10 11 12 | 12.0
Armour         | 4 5 6 7 8 9 10 | 10.8
Shields        | 4 5 6 7 8 9 10 11 | 11.0
Dodging        | 1 2 3 4 5 6 7 |  7.8
Invocations    | 1 4 6 8 10 | 10.6
Polearms       | 4 5 |  5.4

Action                     |  1- 3 |  4- 6 |  7- 9 | 10-12 | 13-15 || total
---------------------------+-------+-------+-------+-------+-------++-------
  Melee: War axe           |   102 |   255 |   314 |   296 |       ||   967
         Trident           |       |       |       |   213 |   124 ||   337
  Throw: Boomerang         |       |       |    11 |     9 |       ||    20
 Invoke: Ancestor Life: He |       |       |     1 |       |       ||     1
         Recall Ancestor   |       |       |       |     1 |       ||     1
         Idealise          |       |       |       |     1 |       ||     1
  Evoke: Box of beasts     |       |       |       |     2 |       ||     2
         Phantom mirror    |       |       |       |     1 |     1 ||     2
         Condenser vane    |       |       |       |     1 |       ||     1
    Use: Potion            |       |     5 |       |     4 |     4 ||    13
         Scroll            |       |       |     8 |    16 |       ||    24
   Stab: Distracted        |       |       |     1 |    10 |       ||    11
         Confused          |       |       |     4 |     9 |     2 ||    15
 Armour: Scale mail        |    57 |   123 |    68 |       |       ||   248
         Chain mail        |       |       |    74 |    76 |       ||   150
         Plate armour      |       |       |       |   193 |     1 ||   194
         Gold dragon scale |       |       |       |       |    53 ||    53
  Dodge: Dodged            |    61 |   103 |   136 |   227 |    28 ||   555
  Block: Buckler           |    19 |    54 |    58 |   135 |       ||   266
         Kite shield       |       |       |       |     8 |    52 ||    60
         Reflection        |       |       |       |       |     4 ||     4
